AoeStats
← 天策上将李世民

Fortress

510266892Analyzed
2v2 RM · 2d ago on Sep 30, 2026· 43m 51s· 4 players
Game mode
Random Map
Map size
Normal (6 player)
Population
200
Speed
Normal
Resources
Standard
Victory
Conquest
Starting age
Dark Age
Ending age
Imperial Age
RankedLock teamsTeams togetherTeam positionsShared explorationLock speedFull tech treeHidden civsTurbo modeCheats
Victory
Defeat
🇨🇳 Goths · China
994
+17
🇨🇳 Franks · China
918
+20
🇨🇳 Khmer · China
1024
-19
1006
-18
天策上将李世民
7:04 Feudal Age
12:46 Castle Age
11:18 Double-Bit Axe
11:19 Horse Collar
13:53 Bow Saw
15:30 Heavy Plow
23:31 Wheelbarrow
24:16 Forging
24:06 Scale Mail Armor
27:08 Imperial Age
24:26 Loom
24:26 Town Watch
24:58 Gold Mining
25:49 Iron Casting
26:01 Town Patrol
26:30 Squires
25:54 Man-at-Arms
26:29 Long Swordsman
27:15 Anarchy
27:33 Hand Cart
28:24 Chain Mail Armor
28:37 Conscription
28:33 Perfusion
28:11 Two-Handed Swordsman
29:12 Champion
32:00 Blast Furnace
31:36 Elite Huskarl
33:03 Pikeman
36:34 Crop Rotation
37:13 Two-Man Saw
洪武大帝朱元璋
7:04 Feudal Age
13:35 Castle Age
11:49 Loom
13:23 Double-Bit Axe
13:31 Gold Mining
14:15 Arson
14:31 Squires
14:17 Gambesons
13:53 Man-at-Arms
19:40 Long Swordsman
24:35 Pikeman
33:13 Bow Saw
33:45 Gold Shaft Mining
33:03 Stone Mining
35:10 Treadmill Crane
38:03 Imperial Age
36:14 Wheelbarrow
37:32 Husbandry
38:34 Cavalier
42:56 Scale Barding Armor
43:03 Forging
43:17 Conscription
44:31 Hand Cart
好人有好鲍
7:12 Feudal Age
7:17 Loom
8:00 Double-Bit Axe
8:52 Loom
11:25 Castle Age
9:21 Horse Collar
11:30 Wheelbarrow
15:30 Bow Saw
15:25 Stone Mining
15:29 Gold Mining
16:21 Heavy Plow
17:36 Hand Cart
17:06 Town Watch
27:41 Crossbowman
30:21 Bloodlines
30:12 Husbandry
29:32 Light Cavalry
30:32 Scale Barding Armor
30:39 Forging
30:21 Fletching
30:31 Padded Archer Armor
34:21 Imperial Age
35:37 Bodkin Arrow
36:00 Leather Archer Armor
36:21 Iron Casting
36:47 Arbalester
39:30 Ballistics
41:29 Chemistry
41:20 Conscription
41:26 Siege Engineers
41:33 Masonry
꧁༺乡 SC∆R 乡 ༻꧂
8:43 Feudal Age
9:53 Double-Bit Axe
10:33 Horse Collar
14:06 Castle Age
12:29 Gold Mining
13:41 Stone Mining
14:25 Scale Barding Armor
15:02 Bow Saw
15:09 Bloodlines
17:32 Wheelbarrow
16:43 Loom
16:43 Town Watch
22:08 Fletching
22:19 Padded Archer Armor
22:58 Gold Shaft Mining
27:30 Imperial Age
25:16 Hand Cart
26:21 Leather Archer Armor
27:01 Ballistics
28:50 Redemption
29:47 Chemistry
29:23 Ring Archer Armor
29:26 Chain Barding Armor
29:36 Thumb Ring
33:03 Shatagni
33:19 Bodkin Arrow
36:53 Murder Holes
Connection lost

Rejoining the realm…

Still unreachable

The connection could not be restored.

Session expired

The server has moved on; the page needs a fresh start.